[Event "January 9 Late 2024"]
[Site "https://www.chess.com"]
[Date "2024.01.09"]
[Round "6"]
[White "Ferreira, Vitor Hugo Vieira"]
[Black "Yuan, Qingyu"]
[Result "0-1"]
[Board "67"]
[TimeControl "180+1"]
[WhiteFideId "2119765"]
[BlackFideId "8609772"]
[WhiteElo "2548"]
[BlackElo "2746"]
[WhiteTeam "BRA"]
[BlackTeam "CHN"]
[WhiteClock "0:00:00"]
[BlackClock "0:00:06"]

1. d4 d5 2. c4 e6 3. Nf3 Nf6 4. Nc3 a6 5. c5 b6 6. cxb6 c5 7. g3 cxd4 8. Nxd4 Qxb6 9. Bg2 Bb7 10. O-O Be7 11. Be3 Qd8 12. Qb3 Bc8 13. Rac1 O-O 14. Rfd1 Qe8 15. Na4 Bd7 16. Nb6 Ra7 17. Nxd7 Qxd7 18. Nf3 Rb7 19. Ne5 Qb5 20. Qxb5 axb5 21. Rc2 Bd6 22. Bd4 Nbd7 23. Nxd7 Nxd7 24. e4 e5 25. Be3 d4 26. f4 f6 27. Bf2 b4 28. Bf1 Nb6 29. Rc6 Rd8 30. Rdc1 Bf8 31. Ba6 Rbb8 32. b3 Rd6 33. Rc7 Rd7 34. Rxd7 Nxd7 35. Rc7 Nc5 36. Bc4+ Kh8 37. fxe5 fxe5 38. Bd5 h6 39. g4 Kh7 40. Bg3 Bd6 41. Rc6 Rd8 42. Rxd6 Rxd6 43. Bxe5 Rd8 44. Bxd4 Nd7 45. Bc4 Nf6 46. Bc5 Nxe4 47. Bxb4 Kh8 48. a4 Nd2 49. Bb5 Nxb3 50. a5 Nxa5 51. Bxa5 Rd5 52. Be2 Rxa5 53. Kf2 Ra2 54. Kf3 Ra3+ 55. Kg2 Kg8 56. Bf3 Kf8 57. Kg3 Ke7 58. Kf4 Kf6 59. h4 Ra4+ 60. Kg3 Ke5 61. g5 hxg5 62. hxg5 Kf5 63. Bd1 Rb4 64. Bc2+ Kxg5 65. Kf3 Rf4+ 66. Kg3 Rg4+ 67. Kh3 Rb4 0-1

[Event "January 9 Late 2024"]
[Site "https://www.chess.com"]
[Date "2024.01.09"]
[Round "6"]
[White "Chirilov, James A"]
[Black "Gasparyan, David"]
[Result "1-0"]
[Board "68"]
[TimeControl "180+1"]
[WhiteFideId "30976677"]
[BlackFideId "13311980"]
[WhiteElo "2737"]
[BlackElo "2545"]
[WhiteTeam "USA"]
[BlackTeam "USA"]
[WhiteClock "0:00:35"]
[BlackClock "0:00:00"]

1. Nf3 Nf6 2. g3 d6 3. Bg2 e5 4. d3 Be7 5. Nbd2 O-O 6. O-O Nc6 7. e4 h6 8. Re1 Be6 9. c3 Qc8 10. d4 exd4 11. cxd4 Bh3 12. Bh1 Re8 13. a3 Bf8 14. b4 a6 15. Bb2 Ne7 16. Rc1 Ng6 17. Qc2 c6 18. Nc4 Qc7 19. e5 dxe5 20. dxe5 Nd5 21. Bg2 Bxg2 22. Kxg2 Qd7 23. Rcd1 Qg4 24. Ng1 h5 25. Kh1 h4 26. Qe4 Qh5 27. Qf3 Qg5 28. Nh3 Qd8 29. Qh5 hxg3 30. hxg3 Be7 31. e6 Bf6 32. exf7+ Kxf7 33. Rxe8 Kxe8 34. Qxg6+ Kf8 35. Ng5 Qe7 36. Nh7+ Kg8 37. Nxf6+ 1-0

[Event "January 9 Late 2024"]
[Site "https://www.chess.com"]
[Date "2024.01.09"]
[Round "6"]
[White "Kopczynski, Michal"]
[Black "Nagare Kaivalya Sandip"]
[Result "0-1"]
[Board "69"]
[TimeControl "180+1"]
[WhiteFideId "1124200"]
[BlackFideId "25957929"]
[WhiteElo "2537"]
[BlackElo "2732"]
[WhiteTeam "POL"]
[BlackTeam "IND"]
[WhiteClock "0:00:23"]
[BlackClock "0:01:25"]

1. e4 e5 2. Nf3 Nc6 3. Bb5 a6 4. Ba4 Nf6 5. d3 b5 6. Bb3 Be7 7. a4 Rb8 8. axb5 axb5 9. O-O d6 10. h3 O-O 11. Nc3 Be6 12. Bxe6 fxe6 13. Ne2 Qd7 14. c3 b4 15. Qc2 d5 16. Ng3 Bd6 17. c4 dxe4 18. dxe4 Nd4 19. Qd1 c5 20. Ne1 Qf7 21. Be3 h5 22. f3 Ra8 23. Rxa8 Rxa8 24. Nd3 h4 25. Ne2 Nh5 26. Bf2 g5 27. Qd2 Qf6 28. Nec1 Nf4 29. Rd1 Nxh3+ 30. Kh2 Nxf2 31. Nxf2 Qf4+ 32. Qxf4 exf4 33. Ncd3 Kf7 34. e5 Be7 35. Ne4 Rd8 36. Kh3 Nf5 37. Rd2 b3 38. Kg4 Ne3+ 39. Kh5 Rh8# 0-1

[Event "January 9 Late 2024"]
[Site "https://www.chess.com"]
[Date "2024.01.09"]
[Round "6"]
[White "Rangel, Daniel"]
[Black "Kosteniuk, Alexandra"]
[Result "1-0"]
[Board "70"]
[TimeControl "180+1"]
[WhiteFideId "2124475"]
[BlackFideId "4128125"]
[WhiteElo "2535"]
[BlackElo "2731"]
[WhiteTeam "BRA"]
[BlackTeam "SUI"]
[WhiteClock "0:00:27"]
[BlackClock "0:00:07"]

1. c4 e5 2. g3 Nf6 3. Bg2 d5 4. cxd5 Nxd5 5. Nf3 Nc6 6. O-O Nb6 7. b3 Be7 8. Bb2 Bf6 9. Na3 O-O 10. d3 Re8 11. Nc4 Nxc4 12. dxc4 Bd7 13. Nd2 Qc8 14. Ne4 Be7 15. Nc3 Bh3 16. Nd5 Bd6 17. e3 Bxg2 18. Kxg2 Qf5 19. Qf3 Qc2 20. Bc3 Qg6 21. h3 h5 22. Rad1 Rad8 23. e4 a5 24. Rd3 b6 25. Rfd1 Re6 26. h4 Rf8 27. Ne3 Bc5 28. Nf5 Qf6 29. Qxh5 g6 30. Qg4 Kh7 31. Ne3 Nd4 32. Nd5 Qd8 33. h5 c6 34. hxg6+ Rxg6 35. Qh5+ Kg7 36. Qxe5+ f6 37. Nxf6 Qxf6 38. Bxd4 Bxd4 39. Qxd4 Kg8 40. Qxf6 Rgxf6 41. f4 1-0

[Event "January 9 Late 2024"]
[Site "https://www.chess.com"]
[Date "2024.01.09"]
[Round "6"]
[White "Khater, Sherif"]
[Black "Weetik, Vjacheslav"]
[Result "0-1"]
[Board "71"]
[TimeControl "180+1"]
[WhiteFideId "2034280"]
[BlackFideId "4153472"]
[WhiteElo "2532"]
[BlackElo "2730"]
[WhiteTeam "USA"]
[BlackTeam "RUS"]
[WhiteClock "0:00:00"]
[BlackClock "0:00:12"]

1. b4 d5 2. Bb2 Bg4 3. Nf3 Nd7 4. h3 Bxf3 5. exf3 Ngf6 6. a3 g6 7. Be2 Bg7 8. O-O O-O 9. f4 Ne8 10. Bxg7 Nxg7 11. Bf3 c6 12. Re1 e6 13. Nc3 Nf5 14. Bg4 Nd6 15. g3 a5 16. bxa5 Rxa5 17. a4 Qf6 18. Rb1 Rfa8 19. h4 Nc5 20. d4 Nxa4 21. Nxa4 Rxa4 22. c3 Ne4 23. Rxb7 Nxc3 24. Qb3 Qxd4 25. h5 Ra2 26. Rf1 Rxf2 27. Rxf2 Ra2 28. Rb8+ Kg7 29. h6+ Kxh6 30. Qxa2 Nxa2 31. Kg2 Nb4 32. Rg8 Nd3 33. Rf1 Qb2+ 34. Kf3 Qh2 35. Ke3 Qxg3+ 0-1

[Event "January 9 Late 2024"]
[Site "https://www.chess.com"]
[Date "2024.01.09"]
[Round "6"]
[White "Akobian, Varuzhan"]
[Black "Mazi, Leon"]
[Result "1-0"]
[Board "72"]
[TimeControl "180+1"]
[WhiteFideId "13300580"]
[BlackFideId "14600315"]
[WhiteElo "2725"]
[BlackElo "2527"]
[WhiteTeam "USA"]
[BlackTeam "SLO"]
[WhiteClock "0:02:32"]
[BlackClock "0:00:57"]

1. d4 d5 2. c4 dxc4 3. e3 Nf6 4. Bxc4 e6 5. Nf3 c5 6. O-O a6 7. Nbd2 Nc6 8. dxc5 Bxc5 9. a3 b5 10. Ba2 Bb7 11. b4 Bd6 12. Bb2 O-O 13. Qb1 Qe7 14. Rc1 Rfc8 15. Ng5 Bxh2+ 16. Kxh2 Ng4+ 17. Kg3 Qxg5 18. Nf3 1-0

[Event "January 9 Late 2024"]
[Site "https://www.chess.com"]
[Date "2024.01.10"]
[Round "6"]
[White "Otero Marino, Alain"]
[Black "Arabidze, Meri"]
[Result "1-0"]
[Board "73"]
[TimeControl "180+1"]
[WhiteFideId "3524876"]
[BlackFideId "13604040"]
[WhiteElo "2523"]
[BlackElo "2725"]
[WhiteTeam "CUB"]
[BlackTeam "GEO"]
[WhiteClock "0:00:15"]
[BlackClock "0:00:01"]

1. d4 Nf6 2. e3 b6 3. Nf3 Bb7 4. Be2 g6 5. O-O Bg7 6. c4 O-O 7. b3 e6 8. Bb2 d5 9. Nbd2 a5 10. Rc1 Na6 11. Ne5 c5 12. Bf3 Rc8 13. Qe2 Qe7 14. a4 Rfd8 15. Rfd1 Ne4 16. cxd5 exd5 17. Bg4 f5 18. Bf3 Nb4 19. Qf1 Bf6 20. Nxe4 fxe4 21. Be2 cxd4 22. exd4 Bg5 23. Rxc8 Rxc8 24. Bc1 Rc2 25. Be3 Nc6 26. Nxc6 Bxc6 27. Rc1 Rxc1 28. Qxc1 Bxe3 29. fxe3 Qd6 30. g3 Kg7 31. Kg2 Bd7 32. Kg1 Bc6 33. Bg4 Bd7 34. Bxd7 Qxd7 35. Qa3 h5 36. Qc1 h4 37. Qf1 Qg4 38. Qf4 Qd1+ 39. Kg2 Qc2+ 40. Kh3 hxg3 41. hxg3 Qxb3 42. Qe5+ Kf7 43. Qc7+ Ke6 44. Qc6+ Ke7 45. Qc7+ Ke6 46. Qc6+ Ke7 47. Qxg6 Qxe3 48. Qg7+ Kd8 49. Qf6+ Kc7 50. Qe5+ Kc8 51. Qxd5 Qd3 52. Qe6+ Kb7 53. d5 e3 54. d6 e2 55. Qe7+ Kc6 56. Qe8+ Kb7 57. Qe7+ Kc6 58. Qe8+ Kb7 59. d7 Qf5+ 60. Kh4 Qf6+ 61. Kh3 Qf5+ 62. Kh4 Qf6+ 63. Kg4 Qd4+ 64. Kh5 Qd5+ 65. Kh4 Qd4+ 66. Kh3 Qf2 67. d8=Q Qf1+ 68. Kh4 Qh1+ 69. Kg5 e1=Q 70. Qa8+ Kc7 71. Qab8# 1-0

[Event "January 9 Late 2024"]
[Site "https://www.chess.com"]
[Date "2024.01.09"]
[Round "6"]
[White "Khatoev, Eduard"]
[Black "Davidson, Kevin"]
[Result "1-0"]
[Board "74"]
[TimeControl "180+1"]
[WhiteFideId "24145076"]
[BlackFideId "2056810"]
[WhiteElo "2714"]
[BlackElo "2523"]
[WhiteTeam "RUS"]
[BlackTeam "USA"]
[WhiteClock "0:01:34"]
[BlackClock "0:00:00"]

1. Nf3 Nf6 2. e3 g6 3. b3 Bg7 4. Bb2 d6 5. d4 O-O 6. Nc3 Nc6 7. d5 Nb4 8. a3 Na6 9. Bc4 c6 10. dxc6 bxc6 11. O-O Nc5 12. b4 Nce4 13. Nxe4 Nxe4 14. Bxg7 Kxg7 15. Qd4+ Nf6 16. Qc3 a5 17. Bd3 Qb6 18. Nd2 axb4 19. axb4 Be6 20. Ne4 Rfb8 21. Nxf6 exf6 22. Rxa8 Rxa8 23. Rb1 Ra2 24. b5 cxb5 25. Rxb5 Qa7 26. h3 Qa3 27. Qxa3 Rxa3 28. Rb6 d5 29. f3 f5 30. Kf2 g5 31. Kg3 Ra4 32. Rb5 h6 33. Rc5 Kf6 34. Bb5 Ra5 35. f4 Kg7 36. fxg5 hxg5 37. h4 gxh4+ 38. Kxh4 Bd7 39. Rxd5 Bxb5 40. c4 Kf6 41. cxb5 Ra3 42. b6 Rb3 43. Rd6+ Ke5 44. Rc6 Rxe3 45. Rc5+ 1-0

[Event "January 9 Late 2024"]
[Site "https://www.chess.com"]
[Date "2024.01.09"]
[Round "6"]
[White "Novikova, Galina"]
[Black "Rozman, Levy"]
[Result "0-1"]
[Board "75"]
[TimeControl "180+1"]
[WhiteFideId "4157095"]
[BlackFideId "2039877"]
[WhiteElo "2517"]
[BlackElo "2711"]
[WhiteTeam "RUS"]
[BlackTeam "USA"]
[WhiteClock "0:00:00"]
[BlackClock "0:00:28"]

1. e4 d5 2. exd5 Qxd5 3. Nf3 Nf6 4. d4 Bf5 5. Be2 e6 6. c4 Bb4+ 7. Nc3 Bxc3+ 8. bxc3 Qa5 9. O-O O-O 10. Qb3 Nbd7 11. Bf4 Ne4 12. Rac1 Ndf6 13. Rfd1 Qb6 14. h3 h6 15. c5 Qxb3 16. axb3 Nd5 17. Bd2 Nxd2 18. Rxd2 b6 19. c4 Nb4 20. cxb6 axb6 21. Ne5 Ra3 22. Rb2 Rd8 23. Rd1 c5 24. dxc5 Rxd1+ 25. Bxd1 Ra1 26. cxb6 Rxd1+ 27. Kh2 Be4 28. f3 Bb7 29. Kg3 f6 30. Ng4 Rd6 31. Ne3 Rxb6 32. Rd2 Kf7 33. Rd7+ Kg6 34. h4 h5 35. Kf2 Bc6 36. Rc7 Na6 37. Rc8 Bb7 38. Rd8 Rxb3 39. g4 Nc5 40. Ng2 Rxf3+ 41. Ke2 hxg4 42. Ne1 Rf4 0-1

[Event "January 9 Late 2024"]
[Site "https://www.chess.com"]
[Date "2024.01.09"]
[Round "6"]
[White "Santos Flores, Alberto"]
[Black "Adewumi, Tanitoluwa"]
[Result "0-1"]
[Board "76"]
[TimeControl "180+1"]
[WhiteFideId "3601234"]
[BlackFideId "30966396"]
[WhiteElo "2513"]
[BlackElo "2706"]
[WhiteTeam "ECU"]
[BlackTeam "USA"]
[WhiteClock "0:00:16"]
[BlackClock "0:00:10"]

1. e4 c5 2. Nf3 e6 3. g3 Nc6 4. Bg2 Nf6 5. Qe2 e5 6. O-O Be7 7. c3 O-O 8. Rd1 Re8 9. d4 cxd4 10. cxd4 exd4 11. Nxd4 Nxd4 12. Rxd4 Bc5 13. Rd1 d5 14. Nc3 Bg4 15. Bf3 Bxf3 16. Qxf3 dxe4 17. Nxe4 Qxd1+ 18. Qxd1 Nxe4 19. Be3 Bxe3 20. fxe3 Rad8 21. Qa4 a6 22. Rd1 Rc8 23. Rd7 Nc5 24. Qd4 Nxd7 25. Qxd7 b5 26. Kf2 h5 27. Kf3 Rcd8 28. Qc6 Re6 29. Qc5 g6 30. Qa7 Rde8 31. e4 Kg7 32. h4 Rf6+ 33. Ke3 Rfe6 34. Kf3 R8e7 35. Qa8 Rf6+ 36. Ke3 Rfe6 37. Kf3 Rc7 38. Qd8 Rc4 39. e5 Rxe5 40. Qd6 Re6 41. Qd3 Rf6+ 42. Kg2 Rg4 43. Qc3 Rc4 44. Qe5 Rc2+ 45. Kh3 Rf2 46. a3 Kh7 47. b4 R2f5 48. Qd4 Re6 49. Qd7 Re3 50. Kg2 Rff3 51. Kh2 Kg7 52. Qd4+ Kg8 53. Qd8+ Kh7 54. Qd7 Rxa3 55. Qb7 Rae3 56. Qxa6 Rxg3 57. Qxb5 Rh3+ 58. Kg2 Rxh4 59. Qd7 Rf4 60. b5 Rb3 61. Qc6 Rf5 62. b6 Rfb5 63. Qc7 Kg7 64. Qd8 Rxb6 65. Qd4+ Rf6 66. Qe5 Rb6 67. Kg3 Re6 68. Qd4 Rd6 69. Qe5 Rc6 70. Qd4 Ra6 71. Qe5 Ra4 72. Qc3 Rg4+ 73. Kh3 Rf4 74. Qe5 Rf5 75. Qb2 g5 76. Qd4 Kg6 77. Qd8 Kg7 78. Qd4 Rf4 79. Qe5 Kg6 80. Qe8 Rf3+ 81. Kg2 Rf2+ 82. Kg1 Rf1+ 83. Kg2 R6f2+ 84. Kg3 h4+ 85. Kg4 Rg1+ 86. Kh3 Rg3# 0-1

[Event "January 9 Late 2024"]
[Site "https://www.chess.com"]
[Date "2024.01.09"]
[Round "6"]
[White "Martinez Ramirez, Lennis"]
[Black "Novik, Maxim"]
[Result "0-1"]
[Board "77"]
[TimeControl "180+1"]
[WhiteFideId "3509079"]
[BlackFideId "4102924"]
[WhiteElo "2697"]
[BlackElo "2509"]
[WhiteTeam "CUB"]
[BlackTeam "LTU"]
[WhiteClock "0:00:49"]
[BlackClock "0:00:33"]

1. d4 Nf6 2. Nf3 g6 3. c4 Bg7 4. Nc3 d5 5. Qa4+ Bd7 6. Qb3 dxc4 7. Qxc4 O-O 8. e4 Be6 9. d5 Bg4 10. Bf4 Bxf3 11. gxf3 c6 12. O-O-O cxd5 13. Nxd5 Nxd5 14. Qxd5 Qb6 15. Be5 Nc6 16. Bxg7 Kxg7 17. Bc4 Qxf2 18. Rd2 Qe3 19. Qd3 Qxd3 20. Bxd3 Rad8 21. Rhd1 e5 22. Bf1 Rxd2 23. Rxd2 Rd8 24. Rc2 Kf6 25. Bc4 Nd4 26. Rc3 Rc8 27. a4 Kg5 28. a5 Kf4 29. Bxf7 Ne2+ 30. Kd2 Nxc3 31. bxc3 Rc5 32. Bd5 Rxa5 33. Bxb7 Kxf3 34. Kd3 Rc5 35. c4 g5 36. Ba6 g4 37. Kc3 h5 38. Kb4 Rc7 39. c5 h4 40. Kc4 g3 41. hxg3 hxg3 42. Kd5 g2 43. Kd6 Rg7 44. c6 g1=Q 45. Bc4 Qd4+ 46. Bd5 Qb4+ 47. Ke6 Qe7+ 48. Kf5 Rg5# 0-1

[Event "January 9 Late 2024"]
[Site "https://www.chess.com"]
[Date "2024.01.10"]
[Round "6"]
[White "Saha, Ananda"]
[Black "Manolache, Marius"]
[Result "1/2-1/2"]
[Board "78"]
[TimeControl "180+1"]
[WhiteFideId "2619644"]
[BlackFideId "1201530"]
[WhiteElo "2507"]
[BlackElo "2694"]
[WhiteTeam "CAN"]
[BlackTeam "ROU"]
[WhiteClock "0:00:05"]
[BlackClock "0:00:19"]

1. d4 Nf6 2. Bg5 d5 3. Bxf6 exf6 4. e3 Be6 5. Nf3 c6 6. Nbd2 Nd7 7. c4 Nb6 8. cxd5 Nxd5 9. a3 Ke7 10. Bd3 Ke8 11. O-O Be7 12. Re1 Kf8 13. Ne4 g6 14. Rc1 Kg7 15. Nc5 Bxc5 16. Rxc5 Re8 17. b4 a6 18. Qc1 h5 19. Rc2 Qe7 20. Nd2 Rad8 21. Ne4 Bc8 22. Nc5 h4 23. h3 g5 24. Be2 Qd6 25. Bg4 f5 26. Bf3 g4 27. Bxd5 cxd5 28. Nd3 Bd7 29. Nf4 gxh3 30. gxh3 Be6 31. Qd2 Rc8 32. Rec1 Rxc2 33. Rxc2 Rc8 34. Rxc8 Bxc8 35. Qe2 Qh6 36. Kh2 Be6 37. Qf3 Qg5 38. Nxd5 Qd8 39. Nf4 Qc7 40. Qh5 Qe7 41. Qf3 Qc7 42. Qg2+ Kf8 43. Qg5 Bd7 44. Qxh4 Qc2 45. Qd8+ Be8 46. Qd6+ Kg8 47. Kg3 Qc1 48. Kg2 Qxa3 49. Qe5 Qa4 50. d5 Qd7 51. Nh5 Kf8 52. d6 f6 53. Nxf6 Qg7+ 54. Kf3 Bc6+ 55. Kf4 Qh6+ 56. Kxf5 Qxh3+ 57. Kg6 Qg2+ 58. Kf5 Qh3+ 59. Kg6 Qg2+ 60. Qg5 Qxg5+ 61. Kxg5 b6 62. Kf5 a5 63. bxa5 bxa5 64. d7 Ke7 65. Ke5 a4 66. Kd4 a3 67. Kc3 Ba4 68. Nd5+ Kd8 69. Kb4 Bxd7 70. Kxa3 Be6 71. e4 Kd7 72. Nc3 Kd6 73. Kb4 Ke5 74. Kc5 Kf4 75. Kd4 Kf3 76. Ke5 Bc4 77. Kd6 Kxf2 78. e5 Ke3 79. Nd5+ Ke4 80. e6 Bxd5 81. e7 Bf7 82. e8=Q+ Bxe8 1/2-1/2

[Event "January 9 Late 2024"]
[Site "https://www.chess.com"]
[Date "2024.01.09"]
[Round "6"]
[White "Lopusiewicz, Piotr"]
[Black "Llorente Zaro, Alfonso"]
[Result "1-0"]
[Board "79"]
[TimeControl "180+1"]
[WhiteFideId "1116029"]
[BlackFideId "2254131"]
[WhiteElo "2503"]
[BlackElo "2693"]
[WhiteTeam "POL"]
[BlackTeam "ESP"]
[WhiteClock "0:00:39"]
[BlackClock "0:00:21"]

1. d4 b5 2. e4 Bb7 3. Nd2 a6 4. a4 b4 5. Ngf3 e6 6. Bd3 Nf6 7. e5 Nd5 8. Ne4 d6 9. O-O Be7 10. a5 Nd7 11. Bd2 h6 12. Qe2 g5 13. h3 Qb8 14. c4 bxc3 15. bxc3 dxe5 16. Nxe5 c5 17. Nxd7 Kxd7 18. Rab1 Qc7 19. c4 Nf4 20. Bxf4 gxf4 21. dxc5 Rab8 22. Rfd1 Rhd8 23. Qh5 Ke8 24. Qxh6 Rxd3 25. Qh8+ Bf8 26. Nd6+ Rxd6 27. cxd6 Qc6 28. d7+ Ke7 29. Qh4+ f6 30. Rxb7 Qxb7 31. d8=Q+ Rxd8 32. Qh7+ Ke8 33. Rxd8+ 1-0

[Event "January 9 Late 2024"]
[Site "https://www.chess.com"]
[Date "2024.01.09"]
[Round "6"]
[White "Rosen, Eric"]
[Black "Martins, Vinicius Tine"]
[Result "0-1"]
[Board "80"]
[TimeControl "180+1"]
[WhiteFideId "2032562"]
[BlackFideId "2112884"]
[WhiteElo "2669"]
[BlackElo "2504"]
[WhiteTeam "USA"]
[BlackTeam "BRA"]
[WhiteClock "0:00:03"]
[BlackClock "0:00:06"]

1. d4 d6 2. e4 Nf6 3. Nc3 g6 4. Bf4 Bg7 5. Qd2 c6 6. O-O-O O-O 7. Bh6 b5 8. f3 b4 9. Nce2 a5 10. h4 b3 11. cxb3 a4 12. b4 a3 13. b3 Bxh6 14. Qxh6 Qb6 15. h5 e5 16. hxg6 fxg6 17. dxe5 dxe5 18. Nc3 Be6 19. Bd3 Qxb4 20. Nge2 Nbd7 21. Bc2 Nc5 22. Qd2 Rfd8 23. Qxd8+ Rxd8 24. Rxd8+ Kf7 25. Rhd1 Nfd7 26. Rh1 h5 27. g4 hxg4 28. fxg4 Bxg4 29. Rh7+ Kf6 30. Rh2 Bxe2 31. Nxe2 Qe1+ 32. Bd1 Ke7 33. Rdh8 Nxe4 34. R8h7+ Kd6 35. Rg7 Qd2+ 36. Kb1 Qb2# 0-1

[Event "January 9 Late 2024"]
[Site "https://www.chess.com"]
[Date "2024.01.09"]
[Round "6"]
[White "Hungaski, Robert"]
[Black "Kleiman, Jake"]
[Result "0-1"]
[Board "81"]
[TimeControl "180+1"]
[WhiteFideId "2021030"]
[BlackFideId "2020041"]
[WhiteElo "2495"]
[BlackElo "2669"]
[WhiteTeam "USA"]
[BlackTeam "USA"]
[WhiteClock "0:00:00"]
[BlackClock "0:00:17"]

1. d4 Nf6 2. c4 e6 3. Nc3 Bb4 4. a3 Bxc3+ 5. bxc3 O-O 6. f3 d5 7. Bg5 c5 8. e3 Nbd7 9. cxd5 exd5 10. Bd3 Re8 11. Qd2 Qe7 12. Ne2 h6 13. Bxf6 Nxf6 14. Kf2 Bd7 15. h4 Qd6 16. Nf4 Re7 17. Rae1 Rae8 18. a4 Bxa4 19. g4 Nd7 20. g5 Nf8 21. gxh6 Qxh6 22. Nxd5 Rd7 23. Nf4 Bc6 24. Reg1 Ne6 25. Nxe6 Qxe6 26. Rg5 Qf6 27. Rg3 Rde7 28. e4 cxd4 29. Rhg1 dxc3 30. Rxg7+ Kh8 31. Qg5 Qxg5 32. R7xg5 f6 33. Rh5+ Rh7 34. Rxh7+ Kxh7 35. Rc1 Kh6 36. Rxc3 Rd8 37. Kg3 Rd4 38. Kf4 a5 39. Bf1 a4 40. Bh3 Rb4 41. Be6 Rb2 42. Rc5 Rb5 43. Rc3 Rh5 0-1

[Event "January 9 Late 2024"]
[Site "https://www.chess.com"]
[Date "2024.01.09"]
[Round "6"]
[White "Principe, Gerson"]
[Black "Martinez Pla, Xavier"]
[Result "0-1"]
[Board "82"]
[TimeControl "180+1"]
[WhiteFideId "3804550"]
[BlackFideId "32074271"]
[WhiteElo "2648"]
[BlackElo "2501"]
[WhiteTeam "PER"]
[BlackTeam "ESP"]
[WhiteClock "0:00:00"]
[BlackClock "0:00:07"]

1. d4 Nf6 2. Nf3 e6 3. c4 b6 4. g3 Bb7 5. Bg2 Be7 6. O-O O-O 7. Nc3 Ne4 8. Bd2 Bf6 9. Rc1 c5 10. dxc5 bxc5 11. Qc2 Nxd2 12. Qxd2 Qb6 13. Rfd1 Rd8 14. Ne1 Bxg2 15. Nxg2 Nc6 16. b3 d6 17. Ne1 Rac8 18. Nf3 h6 19. e3 a6 20. Qe2 Qb7 21. Rd2 Rd7 22. Ne4 Be7 23. Rcd1 Rcd8 24. h3 Nb4 25. Nc3 Nc6 26. Na4 Qc7 27. Qd3 Nb4 28. Qe2 Qb7 29. Ne1 Rc8 30. Qf3 Qb8 31. Qe2 Rdd8 32. Nf3 Nc6 33. Kh2 Qb7 34. Ne1 Ne5 35. f4 Nc6 36. Nf3 Qc7 37. Kg2 Bf8 38. Qd3 Be7 39. Qe4 Nb4 40. g4 d5 41. cxd5 exd5 42. Qb1 Bf6 43. Rc1 Qa5 44. Kg3 c4 45. Nd4 Nd3 46. Rcd1 Nc5 47. Nxc5 Qxc5 48. bxc4 dxc4 49. Nf5 Rxd2 50. Rxd2 c3 51. Rc2 Rd8 52. Qe1 g6 53. Nd4 Bxd4 54. exd4 Qxd4 55. Qxc3 Qg1+ 56. Rg2 Qf1 57. Kh2 Rd3 58. Qc8+ Kg7 59. Qc7 Re3 60. Qd6 Qf3 61. Qd4+ Kh7 0-1

[Event "January 9 Late 2024"]
[Site "https://www.chess.com"]
[Date "2024.01.09"]
[Round "6"]
[White "Sun, Rick"]
[Black "Peczely, Sebastian Zsombor"]
[Result "1-0"]
[Board "83"]
[TimeControl "180+1"]
[WhiteFideId "30909481"]
[BlackFideId "750964"]
[WhiteElo "2646"]
[BlackElo "2495"]
[WhiteTeam "USA"]
[BlackTeam "HUN"]
[WhiteClock "0:00:09"]
[BlackClock "0:00:03"]

1. d4 Nf6 2. Nc3 d5 3. Bf4 c5 4. e3 cxd4 5. exd4 a6 6. Nf3 Bg4 7. h3 Bh5 8. g4 Bg6 9. Bd3 Nc6 10. Qe2 e6 11. O-O-O Bb4 12. Bd2 Qb6 13. g5 Bxc3 14. Bxc3 Ne4 15. Bxe4 dxe4 16. Nh4 Qb5 17. Qg4 Bf5 18. Qf4 Qd5 19. Rhe1 O-O 20. Kb1 b5 21. b3 b4 22. Bb2 a5 23. Nxf5 exf5 24. f3 Rfe8 25. Re3 a4 26. Rde1 a3 27. Ba1 Nxd4 28. fxe4 Qc5 29. Qf2 Nb5 30. exf5 Rxe3 31. Qxe3 Qc6 32. Qe5 Nc3+ 33. Bxc3 bxc3 34. f6 Rd8 35. Qe7 Qd6 36. Qxd6 Rxd6 37. Re8# 1-0

[Event "January 9 Late 2024"]
[Site "https://www.chess.com"]
[Date "2024.01.09"]
[Round "6"]
[White "Lizak, Peter"]
[Black "Silva Lucena, Cristian"]
[Result "1-0"]
[Board "84"]
[TimeControl "180+1"]
[WhiteFideId "731595"]
[BlackFideId "2232588"]
[WhiteElo "2633"]
[BlackElo "2494"]
[WhiteTeam "HUN"]
[BlackTeam "ESP"]
[WhiteClock "0:01:51"]
[BlackClock "0:01:46"]

1. d4 Nf6 2. Nc3 d5 3. Bf4 a6 4. e3 g6 5. h4 h5 6. Nf3 Bg7 7. Ne5 Nbd7 8. f3 c5 9. Qd2 O-O 10. O-O-O c4 11. g4 b5 12. g5 Ne8 13. Nc6 Qa5 14. Nxe7+ Kh7 15. a3 b4 16. axb4 Qa1+ 17. Nb1 Nb6 18. Qc3 Ra7 19. Nxc8 Nxc8 20. Qa3 Qxa3 21. Nxa3 Nc7 22. Bxc7 Rxc7 23. c3 Re8 24. Kd2 Nd6 25. Nc2 Rc6 26. Bh3 f6 27. Bd7 1-0

[Event "January 9 Late 2024"]
[Site "https://www.chess.com"]
[Date "2024.01.09"]
[Round "6"]
[White "Pesotskiy, Mikhail"]
[Black "Poltorak, Sebastian"]
[Result "1/2-1/2"]
[Board "85"]
[TimeControl "180+1"]
[WhiteFideId "34164453"]
[BlackFideId "1199498"]
[WhiteElo "2494"]
[BlackElo "2629"]
[WhiteTeam "RUS"]
[BlackTeam "POL"]
[WhiteClock "0:00:08"]
[BlackClock "0:00:09"]

1. d4 Nf6 2. c4 g6 3. Nc3 d5 4. Bg5 Ne4 5. Nxe4 dxe4 6. Qd2 Bg7 7. e3 c5 8. d5 O-O 9. Ne2 Bf5 10. Nc3 Nd7 11. Be2 h6 12. Bh4 g5 13. Bg3 Ne5 14. O-O Qd7 15. Bxe5 Bxe5 16. Qc2 b6 17. Nxe4 Bxe4 18. Qxe4 Bxb2 19. Rab1 f5 20. Qe6+ Qxe6 21. dxe6 Be5 22. Bf3 Rad8 23. Bd5 Rd6 24. f4 Bc3 25. Rb3 Bf6 26. g3 Kg7 27. Kg2 Kg6 28. h3 Rb8 29. a4 Rg8 30. Kf3 h5 31. g4 hxg4+ 32. hxg4 gxf4 33. exf4 fxg4+ 34. Kxg4 Bd4 35. Rh3 Rdd8 36. Rfh1 Bg7 37. f5+ Kf6 38. Kf4 Rh8 39. Rxh8 Rxh8 40. Rxh8 Bxh8 41. Be4 Bg7 42. Bd5 Bh6+ 43. Ke4 Bd2 44. Bc6 Bc3 45. Bd5 a6 46. Bc6 Bb4 47. Bb7 a5 48. Bc6 Bc3 49. Be8 Kg5 50. Bg6 Kf6 51. Kd5 Bd2 52. Kc6 Bb4 53. Kxb6 Ke5 54. Kc6 Kf6 55. Kd7 Bc3 56. Kc6 Bb4 57. Kc7 Kg7 58. Kd7 Kf6 59. Ke8 Bc3 60. Kd7 Bb4 61. Kc8 Bc3 62. Kb7 Bb4 63. Ka6 Kg7 64. Kb5 Kf6 65. Kc6 Kg7 66. Bf7 Kf6 67. Bg6 Kg7 68. Kd7 Kf6 1/2-1/2

[Event "January 9 Late 2024"]
[Site "https://www.chess.com"]
[Date "2024.01.09"]
[Round "6"]
[White "Ladan, Nicholas"]
[Black "Al-Tarboush, Ward"]
[Result "0-1"]
[Board "86"]
[TimeControl "180+1"]
[WhiteFideId "30918855"]
[BlackFideId "7601450"]
[WhiteElo "2492"]
[BlackElo "2623"]
[WhiteTeam "USA"]
[BlackTeam "NOR"]
[WhiteClock "0:00:36"]
[BlackClock "0:01:49"]

1. Nf3 Nf6 2. g3 b6 3. Bg2 Bb7 4. O-O e6 5. a4 c5 6. a5 bxa5 7. d3 Be7 8. Bd2 Nc6 9. Ne5 Qc8 10. Nc4 O-O 11. Nba3 Rb8 12. b3 h6 13. Nb5 Ne8 14. Nxa5 Nxa5 15. Nxa7 Qc7 16. Bxa5 Qe5 17. Qd2 Bxg2 18. Kxg2 Rb7 19. Bc3 Qc7 20. Qf4 Rxa7 21. Rxa7 Qxa7 22. Ra1 Qb7+ 23. f3 Bf6 24. Qxf6 Nxf6 0-1

[Event "January 9 Late 2024"]
[Site "https://www.chess.com"]
[Date "2024.01.09"]
[Round "6"]
[White "Suich, Peter D"]
[Black "Korchynskyi, Mykola"]
[Result "1-0"]
[Board "87"]
[TimeControl "180+1"]
[WhiteFideId "2050366"]
[BlackFideId "34138005"]
[WhiteElo "2490"]
[BlackElo "2621"]
[WhiteTeam "USA"]
[BlackTeam "UKR"]
[WhiteClock "0:01:07"]
[BlackClock "0:00:00"]

1. d4 d5 2. c4 e6 3. Nf3 Nf6 4. g3 Be7 5. Bg2 O-O 6. O-O b6 7. cxd5 exd5 8. Nc3 Bb7 9. Bf4 c6 10. Rc1 Nbd7 11. Qc2 Rc8 12. Rfd1 c5 13. Qf5 g6 14. Qh3 c4 15. Ne5 Nb8 16. Bh6 Re8 17. Bg5 a6 18. a4 Ne4 19. Nxe4 dxe4 20. Nxf7 Qd5 21. Nh6+ Kg7 22. Bf4 Nd7 23. Ng4 Kg8 24. Ne5 Nxe5 25. dxe5 Qa5 26. Qe6+ Kg7 27. Rd7 Qc5 28. Qf6+ Kg8 29. Qe6+ Kg7 30. Rxb7 Rc6 31. Qd7 Kf8 32. Bh6+ Kf7 33. e6+ Rxe6 34. Bh3 Rf6 35. Be3 Qb4 36. Qd5+ Kg7 37. Bd7 Rd8 38. Bd4 Qd2 39. Bxf6+ Bxf6 40. Qxd2 Rxd7 41. Qxd7+ Kh6 42. Qxh7+ Kg5 43. Qh4+ Kf5 44. Qf4+ Ke6 45. Rxb6+ Kf7 46. Rxf6+ Ke8 47. Qe5+ Kd7 48. Rd1+ 1-0